 Dungeon Crawl Stone Soup version 0.23.2-33-g5129a83184 (webtiles) character file.

Game seed: 2125126050151164501

9 biggiOS the Insei (level 2, -2/23 HPs)
             Began as a Gnoll Transmuter on June 28, 2019.
             Slain by an ogre
             ... wielding a +0 giant spiked club
              (25 damage)
             ... on level 3 of the Dungeon.
             The game lasted 00:04:12 (309 turns).

biggiOS the Insei (Gnoll Transmuter)                 Turns: 309, Time: 00:04:13

Health: -2/23      AC:  2    Str: 12    XL:     2   Next: 12%
Magic:  5/7        EV: 14    Int: 15    God:
Gold:   41         SH:  0    Dex: 15    Spells: 9/10 levels left

rFire    . . .     SeeInvis .   i - +0 dagger
rCold    . . .     Gourm    .   (no shield)
rNeg     . . .     Faith    .   b - +0 robe
rPois    .         Spirit   .   (no helmet)
rElec    .         Reflect  .   (no cloak)
rCorr    .         Harm     .   (no gloves)
MR       .....                  (boots currently unavailable)
Stlth    +.........             (no amulet)
HPRegen  0.07/turn              (no ring)
MPRegen  0.10/turn              (no ring)

@: appendage
A: distributed training, fangs 1, talons 3, strong nose
a: End Transformation


You were on level 3 of the Dungeon.
You were not hungry.
You had grown temporary talons.
You visited 1 branch of the dungeon, and saw 3 of its levels.

You collected 41 gold pieces.

Inventory:

Hand Weapons
 i - a +0 dagger (weapon)
 j - a +0 hunting sling
Missiles
 a - 24 arrows
 k - 32 stones (quivered)
Armour
 b - a +0 robe (worn)
Jewellery
 g - a cursed ring of attention {unknown}
Wands
 m - a wand of iceblast (4)
Scrolls
 f - 2 scrolls of identify {unknown}
 l - a scroll of teleportation {unknown}
Potions
 c - a potion of curing {unknown}
 e - a potion of brilliance {unknown}
Comestibles
 d - 3 rations
 h - 3 chunks of flesh


   Skills:
 + Level 2.4 Fighting
 + Level 0.2 Short Blades
 + Level 0.2 Long Blades
 + Level 0.2 Axes
 + Level 0.2 Maces & Flails
 + Level 0.2 Polearms
 + Level 0.2 Staves
 + Level 0.2 Slings
 + Level 0.2 Bows
 + Level 0.2 Crossbows
 + Level 0.2 Throwing
 + Level 0.2 Armour
 + Level 4.4 Dodging
 + Level 0.2 Stealth
 + Level 0.2 Shields
 + Level 6.4 Unarmed Combat
 + Level 4.9 Spellcasting
 + Level 0.1 Conjurations
 + Level 0.1 Hexes
 + Level 0.1 Charms
 + Level 0.1 Summonings
 + Level 0.1 Necromancy
 + Level 0.1 Translocations
 + Level 3.6 Transmutations
 + Level 0.1 Fire Magic
 + Level 0.1 Ice Magic
 + Level 0.1 Air Magic
 + Level 0.1 Earth Magic
 + Level 0.1 Poison Magic
 + Level 0.3 Invocations
 + Level 0.2 Evocations


You had 9 spell levels left.
You knew the following spells:

 Your Spells              Type           Power        Failure   Level  Hunger
a - Beastly Appendage     Tmut           ##....       3%          1    None

Your spell library contained the following spells:

 Spells                   Type           Power        Failure   Level  Hunger
 Sticks to Snakes         Tmut           ##......     5%          2    ##.....
 Spider Form              Tmut/Pois      #.........   22%         3    ###....
 Ice Form                 Ice/Tmut       #.......     58%         4    ####...
 Blade Hands              Tmut           ##........   71%         5    ######.


Dungeon Overview and Level Annotations

Branches:
Dungeon (3/15)

Altars:


Innate Abilities, Weirdness & Mutations

Your experience applies equally to all skills.
You have very sharp teeth.
Your uncanny sense of smell can sniff out nearby items.
You have claws for feet.


Message History

m - a wand of iceblast (4)
Casting: Beastly Appendage (safe; 3% risk of failure)
Confirm with . or Enter, or press ? or * to list all spells.
Your feet morph into talons.
You hit the orc.
The orc is lightly wounded.
The orc barely misses you.
You hit the orc.
The orc is moderately wounded.
The orc closely misses you.
You barely miss the orc. Your kick misses the orc. You punch the orc.
The orc is severely wounded.
You hit the orc.
You kill the orc!
Casting: Beastly Appendage (safe; 3% risk of failure)
Confirm with . or Enter, or press ? or * to list all spells.
You fail to extend your transformation any further.
The ogre hits you with a +0 giant spiked club!!
Ouch! That really hurt!
You die...

........ ..
.###...# .#
...##..# .#
##.##..# .#
#.##..###### .#
#.##.......#
.#####
#.##.#####.#
##.....##
#.##.#
##.####...P8P.#
##.##.#
#.....O@...8..#
......#
#..####...P...#
.###..# #..#
##.#.8P.# .
#..# #..#
.#.#### .###.##
#..# .# #
.....# #o.# .#
#...## .... .#
.### O..# .#


You could see an ogre.

Vanquished Creatures
  An orc (D:3)
  A bat (D:1)
  A giant cockroach (D:1)
  A goblin (D:3)
  2 jackals (D:1)
6 creatures vanquished.

Notes
Turn   | Place    | Note
-------+----------+-------------------------------------------
     0 | D:1      | biggiOS the Gnoll Transmuter began the quest for the Orb.
     0 | D:1      | Reached XP level 1. HP: 17/17 MP: 6/6
   232 | D:3      | Noticed an ogre
   236 | D:3      | Reached XP level 2. HP: 18/23 MP: 7/7
   309 | D:3      | Slain by an ogre

Action                   || total
-------------------------++-------
Melee: Unarmed           ||    17
       Bite              ||     2
       Dagger            ||     4
       Punch             ||     1
 Cast: Beastly Appendage ||     2
Armor: Robe              ||     4
Dodge: Dodged            ||    19
